 Dungeon Crawl Stone Soup version 0.27-a0-488-g88baaf19db (webtiles) character file.

Game seed: 7518040460343641052

33536 HoaS the Martial Artist (level 13, -1/111 HPs)
             Began as a Demigod Gladiator on Mar 1, 2021.
             Slain by a catoblepas (11 damage)
             ... while petrified by a catoblepas
             ... on level 3 of the Lair of Beasts.
             The game lasted 00:42:35 (19584 turns).

HoaS the Martial Artist (Demigod Gladiator)        Turns: 19584, Time: 00:42:36

Health: -1/111     AC: 20    Str: 23    XL:     13   Next: 8%
Magic:  16/16      EV:  2    Int: 10    God:
Gold:   857        SH:  0    Dex: 23    Spells: 12/12 levels left

rFire    . . .     SeeInvis +     - Unarmed
rCold    . . .     Faith    .   (no shield)
rNeg     + + +     Spirit   .   C - +3 steam dragon scales
rPois    ∞         Reflect  .   b - +2 helmet
rElec    .         Harm     .   k - +2 cloak
rCorr    +         Rampage  .   (no gloves)
Will     +....                  i - +2 pair of boots
Stlth    ++........             A - amulet of the acrobat
HPRegen  0.28/turn              f - ring of see invisible
MPRegen  0.15/turn              H - ring of resist corrosion

@: petrified
A: high mp 1
a: no special abilities


You were on level 3 of the Lair of Beasts.
You visited 2 branches of the dungeon, and saw 14 of its levels.
You also visited: Ice Cave.

You collected 857 gold pieces.

Inventory:

Missiles
 g - 39 poisoned darts
 j - 11 curare-tipped darts
 m - 13 javelins
 u - 17 boomerangs
 y - 5 throwing nets (quivered)
 E - 2 atropa-tipped darts
 F - 2 silver boomerangs
Armour
 b - a +2 helmet (worn)
 i - a +2 pair of boots (worn)
 k - a +2 cloak (worn)
 C - +3 steam dragon scales (worn)
Jewellery
 f - a ring of see invisible (left hand)
 z - an amulet of guardian spirit
 A - an amulet of the acrobat (around neck)
 H - a ring of resist corrosion (right hand)
Wands
 l - a wand of iceblast (9)
 p - a wand of digging (5)
 t - a wand of paralysis (2)
 x - a wand of polymorph (18)
 D - a wand of random effects (28)
 G - a wand of acid (10)
 I - a wand of flame (15)
Scrolls
 c - 5 scrolls of identify
 n - 8 scrolls of teleportation
 s - a scroll of fear
 B - 2 scrolls of blinking
Potions
 a - a potion of invisibility
 d - 2 potions of ambrosia
 e - 11 potions of curing
 h - 2 potions of flight
 o - 2 potions of cancellation
 q - 2 potions of haste
 r - 3 potions of berserk rage
 v - 2 potions of attraction
 w - 2 potions of mutation
 J - a potion of lignification {unknown}
 K - a potion of heal wounds {unknown}


   Skills:
 + Level 9.6 Fighting
 - Level 1.7 Throwing
 + Level 9.4 Armour
 + Level 9.9 Dodging
 * Level 13.7 Unarmed Combat


You had 12 spell levels left.
You didn't know any spells.
Your spell library contained the following spells:

 Spells                   Type           Power        Failure   Level
 Foxfire                  Conj/Fire      0%           36%         1
 Summon Small Mammal      Summ           0%           36%         1
 Call Imp                 Summ           0%           50%         2
 Call Canine Familiar     Summ           0%           75%         3
 Conjure Flame            Conj/Fire      0%           75%         3
 Inner Flame              Hex/Fire       0%           75%         3
 Summon Guardian Golem    Hex/Summ       0%           75%         3
 Sticky Flame             Conj/Fire      0%           98%         4
 Summon Ice Beast         Ice/Summ       0%           98%         4
 Summon Lightning Spire   Summ/Air       0%           98%         4
 Fireball                 Conj/Fire      0%           100%        5
 Chain Lightning          Conj/Air       0%           100%        8
 Lehudib's Crystal Spear  Conj/Erth      0%           100%        8
 Absolute Zero            Ice            0%           100%        9
 Fire Storm               Conj/Fire      0%           100%        9


Dungeon Overview and Level Annotations

Branches:
Dungeon (11/15)            Temple (0/1) D:5            Lair (3/6) D:11
  Swamp (0/4) Lair:2       Spider (0/4) Lair:2          Orc (0/2) D:9
  IceCv (visited)

Shops:
D:5 *   D:7 *   D:8 *   D:11 (


Innate Abilities, Weirdness & Mutations

You have an increased reservoir of magic. (+10% MP)


Message History

The catoblepas gores you but does no damage.
You are engulfed in calcifying dust.
The catoblepas gores you but does no damage.
You are engulfed in calcifying dust.
The catoblepas gores you! The catoblepas gores you!!
The catoblepas breathes a plume of calcifying dust at you.
The blast of calcifying dust hits you but does no damage.
You are engulfed in calcifying dust.
The catoblepas breathes a plume of calcifying dust at you.
The blast of calcifying dust hits you but does no damage.
You turn to flesh and can move again.
You completely miss the catoblepas.
The catoblepas is heavily wounded.
You are engulfed in calcifying dust.
You are slowing down.
You punch the catoblepas!
The catoblepas is heavily wounded.
You are engulfed in calcifying dust.
Your limbs have turned to stone.
The catoblepas gores you.
The catoblepas breathes a plume of calcifying dust at you.
The blast of calcifying dust hits you.
You have turned to stone.
You are engulfed in calcifying dust.
The catoblepas gores you but does no damage.
The catoblepas breathes a plume of calcifying dust at you.
The blast of calcifying dust hits you but does no damage.
You are engulfed in calcifying dust.
The catoblepas gores you!
You are engulfed in calcifying dust.
The catoblepas gores you.
* * * LOW HITPOINT WARNING * * *
You are engulfed in calcifying dust.
The catoblepas gores you!!
* * * LOW HITPOINT WARNING * * *
You are engulfed in calcifying dust.
The catoblepas gores you!
* * * LOW HITPOINT WARNING * * *
You are engulfed in calcifying dust.
The catoblepas breathes a plume of calcifying dust at you.
The blast of calcifying dust hits you but does no damage.
The catoblepas breathes a plume of calcifying dust at you.
The blast of calcifying dust hits you!
* * * LOW HITPOINT WARNING * * *
You are engulfed in calcifying dust.
The catoblepas gores you!!
You die...

### ##...|#.# ##..## ###
#.....#### #...# ##..
###.)...#.####..# #...
#.#......###.#..######... ##
###...Y..##...............
..
#...$.##...<..............
#.#..Y.####................#
#...#..# ##Y.P###..#.##...#
#....§..#### #@..##
#######..#. #.#.....## ##..#
#.... #.....# #...# #P).#
###.... ##...# #...# #....
#...# #...# ##... ...#.
####...# ###.. ......
#....... ... .. ##......
#......


You could see a catoblepas.

Vanquished Creatures
  Harold (Lair:1)
  5 hydras
  3 two-headed ogres
  Sonja (Lair:1)
  An unseen horror (D:10)
  A manticore (D:11)
  An ugly thing (D:10)
  A cyclops (D:11)
  3 black mambas
  3 cane toads
  A gargoyle (D:10)
  Maggie (D:8)
  2 rime drakes (D:11)
  7 komodo dragons
  The ghost of emiel the Skirmisher, an amateur NaWn of Gozag (D:4)
  2 jumping spiders (Lair:2)
  A tyrant leech (Lair:2)
  A hornet (D:7)
  Prince Ribbit (D:11)
  16 blink frogs
  A shadow (D:11)
  Sigmund (D:5)
  2 redbacks (Lair:2)
  44 yaks
  3 wyverns
  2 basilisks
  Grum (Lair:1)
  A swamp worm (Lair:2)
  A soldier ant (D:11)
  14 water moccasins
  3 sky beasts
  4 ice beasts
  5 black bears
  2 orc warriors
  A necrophage (D:8)
  5 ogres
  4 wolves (D:11)
  3 centaurs
  3 phantoms
  2 kobold brigands
  A wyvern zombie (D:6)
  11 bullfrogs
  A gnoll sergeant (D:6)
  A water moccasin skeleton (D:4)
  24 killer bees
  6 wights
  7 howler monkeys
  A bullfrog zombie (D:11)
  6 hounds
  A gnoll shaman (D:6)
  2 jellies
  5 orc priests
  3 bullfrog skeletons
  A centaur skeleton (D:8)
  Jessica (D:3)
  11 iguanas
  10 orc wizards
  10 worker ants
  6 hell rats (Lair:2)
  A killer bee zombie (D:7)
  4 gnolls (D:8)
  6 adders
  4 shadow imps
  2 white imps (D:9)
  2 oozes
  An ufetubus (D:8)
  An adder zombie (D:5)
  An adder skeleton (D:5)
  6 worms
  3 dart slugs
  7 leopard geckos
  38 orcs
  3 ball pythons
  4 bats
  5 giant cockroaches
  9 goblins
  8 hobgoblins
  9 jackals
  5 quokkas
  9 frilled lizards
  17 kobolds
  A quokka skeleton (D:5)
  5 rats
414 creatures vanquished.

Vanquished Creatures (others)
  22 fungi
  32 plants
54 creatures vanquished.

Grand Total: 468 creatures vanquished

Notes
Turn   | Place    | Note
-------+----------+-------------------------------------------
     0 | D:1      | HoaS the Demigod Gladiator began the quest for the Orb.
     0 | D:1      | Reached XP level 1. HP: 17/17 MP: 3/3
    45 | D:1      | Reached skill level 3 in Unarmed Combat
   256 | D:1      | Reached XP level 2. HP: 24/24 MP: 4/4
   626 | D:1      | Reached XP level 3. HP: 27/29 MP: 5/5
   767 | D:1      | Reached skill level 4 in Unarmed Combat
  1780 | D:2      | Found a hide-covered altar of Uskayaw.
  1900 | D:2      | Found a glowing silver altar of Zin.
  1900 | D:2      | Noticed an angel
  1990 | D:2      | Found a sparkling altar of Nemelex Xobeh.
  2156 | D:2      | Reached XP level 4. HP: 33/36 MP: 6/6
  2577 | D:2      | Found a stormy altar of Qazlal.
  2654 | D:3      | Found a faded altar of an unknown god.
  2688 | D:3      | Found a burning altar of Makhleb.
  2938 | D:3      | Noticed Jessica
  2942 | D:3      | Killed Jessica
  2943 | D:3      | Reached skill level 5 in Unarmed Combat
  3520 | D:4      | Reached XP level 5. HP: 33/41 MP: 7/7
  3610 | D:4      | HP: 1/41 [orc priest/nerve-wracking pain (12)]
  3936 | D:3      | Reached skill level 1 in Armour
  4623 | D:4      | Reached XP level 6. HP: 33/50 MP: 8/8
  4629 | D:4      | Found a shadowy altar of Dithmenos.
  5087 | D:4      | Reached skill level 6 in Unarmed Combat
  5399 | D:4      | Found an ancient bone altar of Kikubaaqudgha.
  5507 | D:4      | Found a runed translucent door.
  5510 | D:4      | Noticed emiel's ghost (amateur NaWn)
  5558 | D:5      | Entered Level 5 of the Dungeon
  5591 | D:5      | Found a broken altar of Ashenzari.
  5619 | D:5      | Reached XP level 7. HP: 27/57 MP: 9/9
  6033 | D:5      | Found Tomomow's Assorted Antiques.
  6093 | D:5      | Found a staircase to the Ecumenical Temple.
  6118 | D:5      | Found a glowing golden altar of the Shining One.
  6459 | D:5      | Found a sacrificial altar of Ru.
  6459 | D:5      | Noticed Sigmund
  6480 | D:5      | Killed Sigmund
  7155 | D:6      | Reached skill level 7 in Unarmed Combat
  7354 | D:6      | Reached XP level 8. HP: 54/66 MP: 10/10
  7943 | D:6      | Found a snail-covered altar of Cheibriados.
  7961 | D:6      | Reached skill level 5 in Dodging
  7961 | D:6      | Reached skill level 8 in Unarmed Combat
  8082 | D:6      | Found an iron altar of Okawaru.
  8348 | D:7      | Found an opulent altar of Gozag.
  8348 | D:7      | Found Gozag's Platinum Reserve.
  8623 | D:7      | Reached XP level 9. HP: 63/73 MP: 11/11
  8756 | D:7      | Paralysed by a hornet for 3 turns
  8765 | D:7      | Paralysed by a hornet for 3 turns
  8773 | D:7      | Reached skill level 5 in Fighting
  9457 | D:4      | Killed emiel's ghost
  9634 | D:8      | Reached skill level 5 in Armour
  9634 | D:8      | Reached skill level 9 in Unarmed Combat
  9870 | D:8      | Found Miefojicw's Serpentskin Sales.
  9893 | D:8      | Noticed Maggie
  9921 | D:8      | Killed Maggie
 10220 | D:8      | Noticed a two-headed ogre
 10229 | D:8      | Killed a two-headed ogre
 10445 | D:9      | Reached XP level 10. HP: 83/83 MP: 13/13
 10824 | D:9      | Found a staircase to the Orcish Mines.
 10866 | D:9      | Reached skill level 10 in Unarmed Combat
 11065 | D:9      | Noticed a two-headed ogre
 11072 | D:9      | Killed a two-headed ogre
 11419 | D:9      | Found a shimmering altar of Xom.
 11760 | D:10     | Entered Level 10 of the Dungeon
 11839 | D:10     | Noticed a seven-headed hydra
 11849 | D:10     | Killed a seven-headed hydra
 12252 | D:10     | Noticed an unseen horror
 12259 | D:10     | Killed an unseen horror
 12260 | D:10     | Reached skill level 11 in Unarmed Combat
 12260 | D:10     | Reached XP level 11. HP: 92/92 MP: 14/14
 12693 | D:11     | Found Fakyj's Weapon Shoppe.
 12756 | D:11     | Found a frozen archway.
 12842 | IceCv    | Entered an ice cave
 14153 | D:11     | Noticed a two-headed ogre
 14162 | D:11     | Killed a two-headed ogre
 14403 | D:11     | Found a staircase to the Lair.
 14507 | Lair:1   | Entered Level 1 of the Lair of Beasts
 14507 | Lair:1   | Noticed Grum
 14904 | Lair:1   | Killed Grum
 15034 | Lair:1   | Noticed an eight-headed hydra
 15048 | Lair:1   | Killed an eight-headed hydra
 15049 | Lair:1   | Reached skill level 12 in Unarmed Combat
 15464 | Lair:1   | Noticed Harold
 15483 | Lair:1   | Killed Harold
 15496 | Lair:1   | Noticed Prince Ribbit
 15748 | D:11     | Reached XP level 12. HP: 61/103 MP: 15/15
 15962 | D:11     | Killed Prince Ribbit
 16522 | Lair:1   | Noticed Sonja
 16529 | Lair:1   | Killed Sonja
 16842 | Lair:1   | Reached skill level 13 in Unarmed Combat
 17392 | Lair:2   | Found a hole to the Spider Nest.
 17493 | Lair:2   | Noticed an eight-headed hydra
 17506 | Lair:2   | Killed an eight-headed hydra
 17945 | Lair:2   | Noticed a four-headed hydra
 17974 | Lair:2   | Killed a four-headed hydra
 18086 | Lair:2   | Noticed an eight-headed hydra
 18106 | Lair:2   | Killed an eight-headed hydra
 18671 | Lair:2   | Found a staircase to the Swamp.
 18892 | Lair:3   | Reached XP level 13. HP: 111/111 MP: 16/16
 19584 | Lair:3   | Slain by a catoblepas

Illustrated notes

Levels and vault maps discovered:
D:1:      elethiomel_arrival_infinity_welcomes_careful_drivers,
          layout_loops_ring
D:2:      layout_loops_corners, zin_angel, nemelex_xobeh_ov_fountains_minmay,
          nicolae_qazlal_eye_of_the_storm, general_overflow_altar
D:3:      layout_loops_corners, old_standard_altar,
          chequers_ecumenical_altar_island, uniq_jessica
D:4:      minmay_evil_eye, layout_rooms,
          chequers_temple_overflow_statue_of_worship,
          ebering_ghost_reflecting_pool
D:5:      layout_layer_cave, lemuel_round_altar, nicolae_overflow_crystal_walls,
          minmay_temple_entry_drinking_statues, serial_shops,
          nicolae_shop_crystal, nicolae_ru_great_annihilating_truth,
          uniq_sigmund
D:6:      layout_rooms, lemuel_doored_altar, okawaru_gym_becter,
          serial_bayou_pond_b
D:7:      layout_basic, nicolae_gozag_zags_fifth_avenue
D:8:      layout_loops_cross, guppyfry_shop_venom, uniq_maggie
D:9:      layout_basic, nicolae_overflow_hidden_temple, david_orc_3,
          chequers_serial_rivers_micro_c
D:10:     layout_long_grid
D:11:     layout_irregular_city, lair_entry_dummy, gauntlet_entry_generic,
          serial_shops, shop, serial_column_ruins, column_ruins_hut,
          column_ruins_open_tiny, column_ruins_open_small,
          column_ruins_open_tiny, column_ruins_open_tiny, portal_ice_cave_rime
Lair:1:   beast_lair_carwin_large_1, layout_loops_ring, grunt_megastairs_5,
          uniq_harold, uniq_grum, uniq_sonja, uniq_prince_ribbit2
Lair:2:   layout_chaotic_city, palyth_hydra_swamp_entry,
          spider_nest_entry_funnel_web
Lair:3:   layout_concentric_octagons, uniq_nergalle

Skill      XL: |  1  2  3  4  5  6  7  8  9 10 11 12 |
---------------+-------------------------------------+-----
Unarmed Combat | 3 4 5 6 7 8 9 11 12 13 | 13.7
Fighting       | 2 3 4 6 7 8 9 |  9.6
Armour         | 1 2 3 4 5 6 8 9 |  9.4
Dodging        | 3 4 5 6 7 8 9 |  9.9
Throwing       | |  1.7

Action                   |  1- 3 |  4- 6 |  7- 9 | 10-12 | 13-15 || total
-------------------------+-------+-------+-------+-------+-------++-------
Melee: Unarmed           |   173 |   256 |   486 |  1052 |    70 ||  2037
       Punch             |     3 |     9 |    24 |    91 |     5 ||   132
Throw: Throwing net      |     1 |       |     7 |     2 |       ||    10
       Dart              |       |     2 |       |       |       ||     2
       Javelin           |       |     1 |       |     3 |       ||     4
Evoke: Wand              |       |       |     4 |    19 |       ||    23
  Use: Scroll            |     2 |    12 |     4 |    10 |       ||    28
       Potion            |       |       |     3 |     1 |       ||     4
 Stab: Distracted        |     1 |       |       |     1 |       ||     2
       Held in net/web   |       |       |     5 |     3 |       ||     8
       Invisible         |       |       |     1 |       |       ||     1
       Sleeping          |       |       |     2 |     1 |     1 ||     4
Armor: Leather armour    |    41 |    31 |    24 |       |       ||    96
       Ring mail         |       |    39 |       |       |       ||    39
       Chain mail        |       |       |    91 |       |       ||    91
       Plate armour      |       |       |   114 |       |       ||   114
       Steam dragon scal |       |       |     3 |   237 |    30 ||   270
Dodge: Dodged            |    75 |   140 |   212 |   875 |    39 ||  1341

Table legend: (Time is in decaauts)
 A = Elapsed time spent in this place.
 B = Non-inter-level travel time spent in this place.
 C = Inter-level travel time spent in this place.
 D = Time resting spent in this place.
 E = Time spent auto-exploring this place.
 F = Levels seen in this place.
 G = Mean time per level.
                   A        B        C        D        E       F      G
               +--------+--------+--------+--------+--------+-----+--------+
         Total |  19199 |  18461 |    738 |   6202 |   8439 |  15 | 1279.9 |
       Dungeon |  15174 |  14480 |    694 |   4918 |   6823 |  11 | 1379.5 |
          Lair |   4016 |   3972 |     44 |   1283 |   1616 |   3 | 1338.7 |
      Ice Cave |      7 |      7 |      0 |      0 |      0 |   1 |    7.0 |
               +--------+--------+--------+--------+--------+-----+--------+

Top non-repeatable levels by time:
    D:11: 2471 daAuts
  Lair:1: 1812 daAuts
     D:5: 1781 daAuts
     D:4: 1707 daAuts
     D:1: 1545 daAuts
  Lair:2: 1490 daAuts
     D:3: 1386 daAuts
     D:9: 1294 daAuts
    D:10: 1103 daAuts
     D:2: 1073 daAuts
     D:7: 1003 daAuts
     D:6: 987 daAuts
     D:8: 821 daAuts
  Lair:3: 713 daAuts
   IceCv: 7 daAuts
